IL
DURHAM BULLS @ FRESNO GRIZZLIES
07/23/2047
 
TOP OF THE 1ST
Durham Bulls batting - Pitching for Fresno Grizzlies : RHP Ricardo Acosta
Pitching: RHP Ricardo Acosta
Batting: RHB Nick Sharp 0-0: Ball
1-0: Fly out, F7 (Line Drive, 7, EV 95.6 MPH)
Batting: LHB Mark Marvin 0-0: Foul Ball, location: 2F
0-1: Swinging Strike
0-2: Strikes out swinging
Batting: LHB Davion Lewis 0-0: Called Strike
0-1: Called Strike
0-2: Strikes out looking
Top of the 1st over - 0 runs, 0 hits, 0 errors, 0 left on base; Durham 0 - Fresno 0
BOTTOM OF THE 1ST
Fresno Grizzlies batting - Pitching for Durham Bulls : RHP Jose Robles
Pitching: RHP Jose Robles
Batting: RHB Ben Hoffman 0-0: Ball
1-0: Ground out 6-3 (Groundball, 6, EV 86.2 MPH)
Now at SS: Jose Vargas
Batting: LHB Bob Dietz 0-0: Fly out, F8 (Flyball, 8LD, EV 90.6 MPH)
Batting: RHB Ramon Castellon 0-0: Ball
1-0: Ball
2-0: Ground out 6-3 (Groundball, 56D, EV 88.8 MPH)
Bottom of the 1st over - 0 runs, 0 hits, 0 errors, 0 left on base; Durham 0 - Fresno 0
TOP OF THE 2ND
Durham Bulls batting - Pitching for Fresno Grizzlies : RHP Ricardo Acosta
Batting: RHB David Ward 0-0: Ball
1-0: Swinging Strike
1-1: DOUBLE (Groundball, 5L, EV 100.6 MPH)
Batting: SHB Brett McEwen 0-0: Called Strike
0-1: Swinging Strike
0-2: Strikes out looking
Batting: LHB Jake Rheaume 0-0: Called Strike
0-1: SINGLE (Groundball, 6M, EV 78.8 MPH) (infield hit)
David Ward to third
Batting: RHB Kevin Benfield 0-0: Called Strike
0-1: Foul Ball, location: 2F
0-2: Ball
1-2: Ball
2-2: Fly out, F8 (Flyball, 8RM, EV 85.0 MPH)
Batting: SHB Jose Vargas 0-0: Swinging Strike
0-1: Ball
1-1: Foul Ball, location: 2F
1-2: Strikes out swinging
Top of the 2nd over - 0 runs, 2 hits, 0 errors, 2 left on base; Durham 0 - Fresno 0
BOTTOM OF THE 2ND
Fresno Grizzlies batting - Pitching for Durham Bulls : RHP Jose Robles
Batting: SHB Paskar Adegoke 0-0: Called Strike
0-1: Ball
1-1: Ball
2-1: Ball
3-1: SINGLE (Line Drive, 78S, EV 102.5 MPH)
Batting: RHB Bill Cabrera 0-0: Ball
1-0: Foul Ball, location: 2F
1-1: Swinging Strike
1-2: Strikes out swinging
Batting: RHB C.J. Sagle 0-0: Ball
Pickoff Throw to First - Out! 1-3 CS
1-0: Ball
2-0: Ball
3-0: Called Strike
3-1: Swinging Strike
3-2: Foul Ball, location: 2F
3-2: Foul Ball, location: 2F
3-2: Base on Balls
Batting: RHB Sam Spohn 0-0: Called Strike
0-1: Ball
1-1: Ball
2-1: Swinging Strike
2-2: Strikes out swinging
Bottom of the 2nd over - 0 runs, 1 hit, 0 errors, 1 left on base; Durham 0 - Fresno 0
TOP OF THE 3RD
Durham Bulls batting - Pitching for Fresno Grizzlies : RHP Ricardo Acosta
Batting: LHB Angel Ruvalcaba 0-0: Ball
1-0: Ball
2-0: Swinging Strike
2-1: Called Strike
2-2: Foul Ball, location: 2F
2-2: Foul Ball, location: 2F
2-2: Foul Ball, location: 2F
2-2: Strikes out swinging
Batting: RHB Nick Sharp 0-0: Called Strike
0-1: Ball
1-1: Foul Ball, location: 2F
1-2: Ball
2-2: Strikes out swinging
Batting: LHB Mark Marvin 0-0: Swinging Strike
0-1: Ball
1-1: Ground out 4-3 (Groundball, 4, EV 104.4 MPH)
Top of the 3rd over - 0 runs, 0 hits, 0 errors, 0 left on base; Durham 0 - Fresno 0
BOTTOM OF THE 3RD
Fresno Grizzlies batting - Pitching for Durham Bulls : RHP Jose Robles
Batting: LHB Kelvin Jones 0-0: Called Strike
0-1: Swinging Strike
0-2: Strikes out swinging
Batting: RHB Workneh Lagat 0-0: SINGLE (Flyball, 5D, EV 96.2 MPH) - OUT at second base trying to stretch hit.
Batting: RHB Ben Hoffman 0-0: Called Strike
0-1: Ball
1-1: Ground out 4-3 (Groundball, 4, EV 86.2 MPH)
Bottom of the 3rd over - 0 runs, 1 hit, 0 errors, 0 left on base; Durham 0 - Fresno 0
TOP OF THE 4TH
Durham Bulls batting - Pitching for Fresno Grizzlies : RHP Ricardo Acosta
Batting: LHB Davion Lewis 0-0: Called Strike
0-1: Ball
1-1: Fly out, F8 (Flyball, 8LM, EV 89.4 MPH)
Batting: RHB David Ward 0-0: Ball
1-0: Ball
2-0: Foul Ball, location: 2F
2-1: Foul Ball, location: 2F
2-2: Foul Ball, location: 2F
2-2: Ground out 5-3 (Groundball, 56S, EV 71.9 MPH)
Batting: SHB Brett McEwen 0-0: Swinging Strike
0-1: Ball
1-1: Foul Ball, location: 2F
1-2: Ball
2-2: Foul Ball, location: 2F
2-2: Ground out 3-1 (Groundball, 34, EV 101.9 MPH)
Top of the 4th over - 0 runs, 0 hits, 0 errors, 0 left on base; Durham 0 - Fresno 0
BOTTOM OF THE 4TH
Fresno Grizzlies batting - Pitching for Durham Bulls : RHP Jose Robles
Batting: LHB Bob Dietz 0-0: Ground out 6-3 (Groundball, 56, EV 109.4 MPH)
Batting: RHB Ramon Castellon 0-0: Swinging Strike
0-1: Called Strike
0-2: SINGLE (Groundball, 6MD, EV 94.4 MPH)
Batting: SHB Paskar Adegoke 0-0: Called Strike
0-1: Ball
1-1: Swinging Strike
1-2: Foul Ball, location: 2F
1-2: Fielders Choice at 2nd, 3-6 (Groundball, 23, EV 80.6 MPH)
Batting: RHB Bill Cabrera 0-0: Called Strike
0-1: Called Strike
0-2: Fly out, F9 (Flyball, 89S, EV 90.6 MPH)
Bottom of the 4th over - 0 runs, 1 hit, 0 errors, 1 left on base; Durham 0 - Fresno 0
TOP OF THE 5TH
Durham Bulls batting - Pitching for Fresno Grizzlies : RHP Ricardo Acosta
Batting: LHB Jake Rheaume 0-0: Ball
1-0: Ball
2-0: SOLO HOME RUN (Flyball, 89XD, EV 96.9 MPH), Distance : 400 ft
Batting: RHB Kevin Benfield 0-0: Called Strike
0-1: Foul Ball, location: 2F
0-2: Strikes out looking
Batting: SHB Jose Vargas 0-0: Ball
1-0: Swinging Strike
1-1: Ball
2-1: Ball
3-1: Called Strike
3-2: Strikes out swinging
Batting: LHB Angel Ruvalcaba 0-0: Foul Ball, location: 2F
0-1: Ball
1-1: Ball
2-1: Swinging Strike
2-2: Strikes out swinging
Top of the 5th over - 1 run, 1 hit, 0 errors, 0 left on base; Durham 1 - Fresno 0
BOTTOM OF THE 5TH
Fresno Grizzlies batting - Pitching for Durham Bulls : RHP Jose Robles
Batting: RHB C.J. Sagle 0-0: Ball
1-0: Called Strike
1-1: Fly out, F8 (Flyball, 8RXD, EV 95.0 MPH)
Batting: RHB Sam Spohn 0-0: SINGLE (Line Drive, 3D, EV 102.5 MPH)
Batting: LHB Kelvin Jones 0-0: Called Strike
0-1: Ball
1-1: Ball
2-1: Fielders Choice at 2nd, 1-6 (Groundball, 13S, EV 66.9 MPH)
Batting: RHB Workneh Lagat 0-0: Called Strike
0-1: Called Strike
0-2: Foul Ball, location: 2F
0-2: Fielders Choice at 2nd, 6-4 (Groundball, 6, EV 84.4 MPH)
Bottom of the 5th over - 0 runs, 1 hit, 0 errors, 1 left on base; Durham 1 - Fresno 0
TOP OF THE 6TH
Durham Bulls batting - Pitching for Fresno Grizzlies : RHP Ricardo Acosta
Batting: RHB Nick Sharp 0-0: Swinging Strike
0-1: Foul Ball, location: 2F
0-2: Ball
1-2: Strikes out swinging
Batting: LHB Mark Marvin 0-0: Foul Ball, location: 2F
0-1: Called Strike
0-2: Ball
1-2: Fly out, F4 (Popup, 34D, EV 40.6 MPH)
Batting: LHB Davion Lewis 0-0: SINGLE (Line Drive, 8LS, EV 96.2 MPH)
Batting: RHB David Ward 0-0: Ball
1-0: Ball
2-0: Ball
3-0: Called Strike
3-1: Swinging Strike
3-2: Foul Ball, location: 2F
3-2: Foul Ball, location: 2F
3-2: Foul Ball, location: 2F
3-2: Base on Balls
Davion Lewis to second
Batting: SHB Brett McEwen 0-0: Called Strike
0-1: Foul Ball, location: 2F
0-2: Strikes out looking
Top of the 6th over - 0 runs, 1 hit, 0 errors, 2 left on base; Durham 1 - Fresno 0
BOTTOM OF THE 6TH
Fresno Grizzlies batting - Pitching for Durham Bulls : RHP Jose Robles
Batting: RHB Ben Hoffman 0-0: Swinging Strike
0-1: Ball
1-1: Swinging Strike
1-2: Ball
2-2: Ball
3-2: Base on Balls
Batting: LHB Bob Dietz 0-0: Swinging Strike
0-1: Fly out, F8 (Flyball, 8RM, EV 80.0 MPH)
Batting: RHB Ramon Castellon 0-0: Swinging Strike
0-1: Ball
1-1: Ball
2-1: DOUBLE (Line Drive, 78D, EV 100.6 MPH)
Ben Hoffman to third
Batting: SHB Paskar Adegoke 0-0: Swinging Strike
0-1: Foul Ball, location: 2F
0-2: Ball
1-2: SINGLE (Groundball, 56D, EV 97.5 MPH)
Ben Hoffman scores
Ramon Castellon to third
Batting: RHB Bill Cabrera 0-0: Ball
1-0: Ball
2-0: Called Strike
2-1: DOUBLE (Line Drive, 89D, EV 105.6 MPH)
Ramon Castellon scores
Paskar Adegoke to third
Batting: RHB C.J. Sagle 0-0: Ground out U3 (Groundball, 34, EV 83.1 MPH)
Batting: RHB Sam Spohn 0-0: Ball
1-0: Ball
2-0: Fly out, F3 (Popup, 23F, EV 91.9 MPH)
Bottom of the 6th over - 2 runs, 3 hits, 0 errors, 2 left on base; Durham 1 - Fresno 2
TOP OF THE 7TH
Durham Bulls batting - Pitching for Fresno Grizzlies : RHP Ricardo Acosta
Batting: LHB Jake Rheaume 0-0: Called Strike
0-1: Foul Ball, location: 2F
0-2: Strikes out swinging
Batting: RHB Kevin Benfield 0-0: Ball
1-0: Called Strike
1-1: Foul Ball, location: 2F
1-2: Strikes out swinging
Batting: SHB Jose Vargas 0-0: Ball
1-0: Ball
2-0: Called Strike
2-1: Called Strike
2-2: Ball
3-2: Foul Ball, location: 2F
3-2: Fly out, F7 (Flyball, 78S, EV 85.6 MPH)
Top of the 7th over - 0 runs, 0 hits, 0 errors, 0 left on base; Durham 1 - Fresno 2
BOTTOM OF THE 7TH
Fresno Grizzlies batting - Pitching for Durham Bulls : RHP Jose Robles
Batting: LHB Kelvin Jones 0-0: Foul Ball, location: 2F
0-1: Ground out 6-3 (Groundball, 6, EV 81.2 MPH)
Batting: RHB Workneh Lagat 0-0: Foul Ball, location: 2F
0-1: Ground out 5-3 (Groundball, 56S, EV 73.1 MPH)
Batting: RHB Ben Hoffman 0-0: Ball
1-0: Swinging Strike
1-1: Ground out 5-3 (Groundball, 5, EV 85.0 MPH)
Bottom of the 7th over - 0 runs, 0 hits, 0 errors, 0 left on base; Durham 1 - Fresno 2
TOP OF THE 8TH
Durham Bulls batting - Pitching for Fresno Grizzlies : RHP Ricardo Acosta
Pitching: RHP Jorge Aguilar
Batting: LHB Angel Ruvalcaba 0-0: Foul Ball, location: 2F
0-1: Ball
1-1: Ball
2-1: Foul Ball, location: 2F
2-2: Strikes out swinging
Batting: RHB Nick Sharp 0-0: Ball
1-0: SINGLE (Groundball, 6D, EV 96.9 MPH)
Batting: LHB Mark Marvin 0-0: Ball
1-0: Ball
2-0: Ball
3-0: Base on Balls
Nick Sharp to second
Batting: LHB Davion Lewis 0-0: Ball
1-0: Foul Ball, location: 2F
1-1: Ball
2-1: Foul Ball, location: 2F
2-2: Ball
3-2: 3-RUN HOME RUN (Flyball, 89XD, EV 102.5 MPH), Distance : 419 ft
Pitching: RHP Gerardo Huerta
Batting: RHB David Ward 0-0: Ball
1-0: Called Strike
1-1: Fly out, F8 (Line Drive, 8RXD, EV 110.0 MPH)
Batting: SHB Brett McEwen 0-0: Ball
1-0: Called Strike
1-1: SINGLE (Line Drive, 56D, EV 108.8 MPH)
Batting: LHB Jake Rheaume 0-0: Ball
1-0: Swinging Strike
1-1: Hit by Pitch
Brett McEwen to second
Batting: RHB Kevin Benfield 0-0: Ball
1-0: Foul Ball, location: 2F
1-1: SINGLE (Groundball, 56D, EV 95.6 MPH)
Brett McEwen to third
Jake Rheaume to second
Runner from 3rd tries for Home, SAFE, throw by LF to home
Batting: SHB Jose Vargas 0-0: SINGLE (Line Drive, 8LS, EV 91.9 MPH)
Jake Rheaume to third
Kevin Benfield to second
Batting: LHB Angel Ruvalcaba 0-0: Called Strike
0-1: Ground out 1-3 (Groundball, 13S, EV 66.9 MPH)
Top of the 8th over - 4 runs, 5 hits, 0 errors, 3 left on base; Durham 5 - Fresno 2
BOTTOM OF THE 8TH
Fresno Grizzlies batting - Pitching for Durham Bulls : RHP Jose Robles
Now at 2B: Mark Marvin
Now at 3B: Jose Vargas
Now at SS: Lou Kroneman
Batting: LHB Bob Dietz 0-0: Called Strike
0-1: Foul Ball, location: 2F
0-2: Ball
1-2: Fly out, F7 (Flyball, 7D, EV 96.2 MPH)
Batting: RHB Ramon Castellon 0-0: Foul Ball, location: 2F
0-1: Foul Ball, location: 2F
0-2: Ball
1-2: Foul Ball, location: 2F
1-2: Ground out 6-3 (Groundball, 56, EV 104.4 MPH)
Batting: SHB Paskar Adegoke 0-0: Ball
1-0: Ball
2-0: Fly out, F9 (Flyball, 9, EV 90.0 MPH)
Bottom of the 8th over - 0 runs, 0 hits, 0 errors, 0 left on base; Durham 5 - Fresno 2
TOP OF THE 9TH
Durham Bulls batting - Pitching for Fresno Grizzlies : RHP Gerardo Huerta
Batting: RHB Nick Sharp 0-0: Ball
1-0: Ball
2-0: Foul Ball, location: 2F
2-1: Ball
3-1: Base on Balls
Batting: LHB Mark Marvin 0-0: Bunt missed!
0-1: Sac Bunt to 3S - play at first, batter OUT! 3-1
Nick Sharp to second
Batting: LHB Davion Lewis 0-0: SINGLE (Line Drive, 3D, EV 98.1 MPH)
Nick Sharp to third
Batting: RHB David Ward 0-0: Ball
1-0: Foul Ball, location: 2F
1-1: Ball
2-1: Ball
3-1: Foul Ball, location: 2F
3-2: Ground out 5-3 (Groundball, 5S, EV 68.8 MPH)
Nick Sharp scores
Davion Lewis to second
Batting: SHB Brett McEwen 0-0: Foul Ball, location: 2F
0-1: Ball
1-1: Ball
2-1: Called Strike
2-2: Ball
3-2: Foul Ball, location: 2F
3-2: Base on Balls
Batting: LHB Jake Rheaume 0-0: Called Strike
0-1: Ball
1-1: Swinging Strike
1-2: Foul Ball, location: 2F
1-2: Ball
2-2: SINGLE (Groundball, 4MD, EV 103.1 MPH)
Davion Lewis to third
Brett McEwen to second
Runner from 3rd tries for Home, SAFE, throw by CF to home
Pitching: RHP Isaiah McLaurin
Batting: SHB Lou Kroneman 0-0: Swinging Strike
0-1: Ball
1-1: Ball
2-1: Ball
3-1: Fly out, F8 (Flyball, 89D, EV 88.1 MPH)
Top of the 9th over - 2 runs, 2 hits, 0 errors, 2 left on base; Durham 7 - Fresno 2
BOTTOM OF THE 9TH
Fresno Grizzlies batting - Pitching for Durham Bulls : RHP Jose Robles
Batting: RHB Bill Cabrera 0-0: Ball
1-0: Ball
2-0: Called Strike
2-1: SINGLE (Line Drive, 8LS, EV 110.6 MPH)
Pitching: RHP Ray Willenbrink
Batting: RHB C.J. Sagle 0-0: Ball
1-0: Ball
2-0: Called Strike
2-1: Foul Ball, location: 2F
2-2: Ball
3-2: Base on Balls
Bill Cabrera to second
Batting: RHB Sam Spohn 0-0: Ball
1-0: Ball
2-0: Swinging Strike
2-1: Swinging Strike
2-2: Foul Ball, location: 2F
2-2: Fly out, F8 (Flyball, 8RD, EV 77.5 MPH)
Batting: LHB Kelvin Jones 0-0: Fielders Choice at 2nd, 4-6 (Groundball, 34D, EV 81.9 MPH)
Bill Cabrera to third
Batting: RHB Workneh Lagat 0-0: Ball
1-0: Ball
2-0: Ball
3-0: Base on Balls
Kelvin Jones to second
Batting: RHB Ben Hoffman 0-0: Called Strike
0-1: Ball
1-1: Fly out, F7 (Line Drive, 7D, EV 96.2 MPH)
Bottom of the 9th over - 0 runs, 1 hit, 0 errors, 3 left on base; Durham 7 - Fresno 2
Thursday, December 15th , 2022 - OOTP Baseball 23.9 Build 102